 Dungeon Crawl Stone Soup version 0.19.0-11-g3fc08b3 (webtiles) character file.

317 shmeve the Chopper (level 6, -3/56 HPs)
             Began as a Minotaur Berserker on Nov 8, 2016.
             Was a Believer of Trog.
             Killed by nerve-wracking pain
             ... invoked by an orc priest
              (14 damage)
             ... on level 4 of the Dungeon on Nov 9, 2016.
             The game lasted 00:06:03 (3296 turns).

shmeve the Chopper (Minotaur Berserker)             Turns: 3296, Time: 00:06:04

Health: -3/56      AC:  9    Str: 23    XL:     6   Next: 20%
Magic:  5/5        EV:  9    Int:  4    God:    Trog [**....]
Gold:   128        SH:  4    Dex: 10    Spells: 0 memorised, 5 levels left

rFire  . . .     SeeInvis .     a - +0 hand axe
rCold  . . .     Gourm    +     j - +0 chain mail
rNeg   . . .     Faith    .     r - +0 buckler
rPois  .         Spirit   .     (helmet restricted)
rElec  .         Reflect  .     (no cloak)
rCorr  +         Harm     .     (no gloves)
MR     .....                    (no boots)
Stlth  ..........               l - amulet of the gourmand
                                (no ring)
                                e - ring of resist corrosion

@: no status effects
A: retaliatory headbutt, horns 2
a: Berserk, Trog's Hand, Burn Spellbooks, Renounce Religion


You were on level 4 of the Dungeon.
You worshipped Trog.
Trog was pleased with you.
You were completely stuffed.

You visited 1 branch of the dungeon, and saw 4 of its levels.

You collected 128 gold pieces.

Inventory:

Hand Weapons
 a - a +0 hand axe (weapon)
Armour
 j - a +0 chain mail (worn)
 r - a +0 buckler (worn)
Jewellery
 e - a ring of resist corrosion (left hand)
 l - an amulet of the gourmand (around neck)
 s - a +5 ring of dexterity {unknown}
Scrolls
 d - a scroll of fear {unknown}
 g - 3 scrolls of magic mapping {unknown}
 k - a scroll of identify {unknown}
 n - a scroll of remove curse {unknown}
 o - 2 scrolls of amnesia {unknown}
 q - a scroll of immolation {unknown}
Potions
 b - 3 potions of resistance {unknown}
 f - 2 potions of heal wounds {unknown}
Comestibles
 c - a bread ration
 h - a royal jelly
 i - 4 fruits
 m - 2 meat rations
 p - a chunk of flesh


   Skills:
 - Level 5.0 Fighting
 - Level 5.2 Axes
 - Level 1.7 Throwing
 - Level 3.2 Armour
 - Level 3.0 Dodging
 + Level 3.5 Shields


You had 5 spell levels left.
You didn't know any spells.

Dungeon Overview and Level Annotations

Branches:
Dungeon (4/15)
 Temple: D:4-7

Altars:
The Shining One


Innate Abilities, Weirdness & Mutations

You reflexively headbutt those who attack you in melee.
You have a pair of horns on your head.


Message History

The orc priest is lightly wounded.
The orc priest invokes the aid of Beogh against you.
You barely resist. You barely miss the orc priest.
Your headbutt misses the orc priest.
The orc priest is lightly wounded.
The orc priest invokes the aid of Beogh against you.
Beogh smites you!
You closely miss the orc priest.
The orc priest is lightly wounded.
The orc priest mumbles some strange prayers to Beogh against you.
Beogh smites you!
* * * LOW HITPOINT WARNING * * *
You closely miss the orc priest. Your headbutt misses the orc priest.
The orc priest is lightly wounded.
The orc priest closely misses you.
You hit the orc priest. Your headbutt misses the orc priest.
The orc priest is heavily wounded.
The orc priest mumbles some strange prayers to Beogh against you.
Pain shoots through your body!
You die...

..........#######.........
..........................
...........######.........
...........##.............
....)......##.###...(.....
........)...#.#...........
..#######[....#.#.........
#o#.....#.........
#@#######......... #.#
#......... #.# #.........
... .......<.. ...
.......... .....
....(..... .....
.......... .(.....
.......... ..........


You could see an orc priest.

Vanquished Creatures
  An ogre (D:4)
  2 orc priests
  An orc wizard (D:3)
  6 adders
  A shadow imp (D:3)
  2 oozes
  2 worms
  3 dart slugs (D:1)
  3 leopard geckos
  6 orcs
  A ball python (D:4)
  4 bats
  2 giant cockroaches
  5 goblins
  5 hobgoblins
  2 jackals (D:3)
  6 frilled lizards
  3 kobolds
  8 rats
63 creatures vanquished.

Notes
Turn   | Place    | Note
-------+----------+-------------------------------------------
     0 | D:1      | shmeve the Minotaur Berserker began the quest for the Orb.
     0 | D:1      | Reached XP level 1. HP: 19/19 MP: 0/0
    52 | D:1      | Upgraded the game from 0.19.0-9-gfd783f2 to 0.19.0-11-g3fc08b3
   374 | D:1      | Reached XP level 2. HP: 26/27 MP: 1/1
   840 | D:1      | Reached XP level 3. HP: 28/33 MP: 2/2
  1019 | D:2      | Reached skill level 1 in Throwing
  1047 | D:2      | Reached ** piety under Trog
  1345 | D:2      | Reached XP level 4. HP: 27/40 MP: 3/3
  2060 | D:3      | Found a glowing golden altar of the Shining One.
  2319 | D:3      | Reached skill level 5 in Axes
  2319 | D:3      | Reached XP level 5. HP: 7/47 MP: 4/4
  2862 | D:3      | Reached skill level 5 in Fighting
  3033 | D:4      | Noticed an ogre
  3044 | D:4      | Killed an ogre
  3044 | D:4      | Reached XP level 6. HP: 22/56 MP: 5/5
  3296 | D:4      | Killed from afar by an orc priest

Skill      XL: |  1  2  3  4  5 |
---------------+----------------+-----
Axes           | 4 5 |  5.2
Fighting       | 4 5 |  5.0
Throwing       | 1 |  1.7
Armour         | 3 |  3.2
Dodging        | 3 |  3.0
Shields        | 3 |  3.5

Action                   |  1- 3 |  4- 6 || total
-------------------------+-------+-------++-------
Melee: Hand axe          |    71 |   103 ||   174
       Headbutt          |    12 |    17 ||    29
  Eat: Chunk             |     1 |    20 ||    21
Armor: Animal skin       |    20 |     1 ||    21
       Chain mail        |       |    36 ||    36
Dodge: Dodged            |    53 |    45 ||    98
Block: Buckler           |       |     5 ||     5
